 Dungeon Crawl Stone Soup version 0.28.0 (webtiles) character file.

Game seed: 17743718503018280042

496 croobank the Sneak (level 7, 0/50 HPs)
             Began as an Octopode Transmuter on Feb 14, 2022.
             Killed from afar by an orc wizard (7 damage)
             ... with a magic dart
             ... on level 6 of the Dungeon.
             The game lasted 00:17:12 (5158 turns).

croobank the Sneak (Octopode Transmuter)            Turns: 5158, Time: 00:17:12

Health: 0/50       AC:  1    Str:  9    XL:     7   Next: 15%
Magic:  10/12      EV: 13    Int: 17    God:
Gold:   236        SH:  0    Dex: 13    Spells: 6/12 levels left

rFire   . . .      SeeInvis .   a - +3 dagger (vamp)
rCold   . . .      Faith    .   (no shield)
rNeg    . . .      Spirit   .   (helmet currently unavailable)
rPois   .          Reflect  .   (no amulet)
rElec   .          Harm     .   (no ring)
rCorr   .          Rampage  .   (no ring)
Will    .....                   (no ring)
Stlth   ++........              (no ring)
HPRegen 0.16/turn               (no ring)
MPRegen 0.13/turn               (no ring)
                                (no ring)
                                (no ring)

@: confused, lethally poisoned (0 -> -15), appendages (expiring), wereblooded
A: tentacle spike 3, almost no armour, amphibious, 8 rings, camouflage 1,
gelatinous body 1, (nimble swimmer 1), tentacles, antennae 1, deterioration 1,
robust 1
a: End Transformation


You were on level 6 of the Dungeon.
One of your tentacles had grown a beastly spike.
You visited 1 branch of the dungeon, and saw 8 of its levels.
You also visited: Sewer.

You collected 236 gold pieces.

Inventory:

Hand Weapons
 a - a +3 vampiric dagger (weapon)
 b - a +0 hunting sling
Missiles
 d - 21 bolts
 g - 80 arrows
 n - 107 stones
Armour
 h - a +0 hat of willpower (melded)
Jewellery
 e - an amulet of reflection
Scrolls
 f - a scroll of teleportation
 m - a scroll of fear
 o - a scroll of vulnerability {unknown}
 q - 2 scrolls of enchant armour {unknown}
 r - a scroll of summoning {unknown}
 t - a scroll of acquirement {unknown}
 u - a scroll of fog {unknown}
Potions
 c - a potion of degeneration {unknown}
 i - a potion of mutation
 j - 3 potions of brilliance
 k - 2 potions of curing {unknown}
 l - a potion of resistance {unknown}
 s - a potion of might {unknown}


   Skills:
 + Level 3.0 Fighting
 + Level 2.4 Short Blades
 - Level 2.0 Dodging
 + Level 4.0 Stealth
 - Level 3.0 Unarmed Combat
 + Level 3.3 Spellcasting
 + Level 3.5 Transmutations
 + Level 3.0 Poison Magic


You had 6 spell levels left.
You knew the following spells:

 Your Spells              Type           Power      Damage    Failure   Level
a - Beastly Appendage     Tmut           28%        N/A       4%          1
b - Wereblood             Tmut           14%        N/A       6%          2
c - Spider Form           Tmut/Pois      13%        N/A       13%         3

Your spell library contained the following spells:

 Spells                   Type           Power      Damage    Failure   Level
 Passwall                 Tmut/Erth      6%         N/A       12%         2
 Sandblast                Erth           4%         2d4       17%         1
 Stone Arrow              Conj/Erth      4%         3d7       45%         3
 Ice Form                 Ice/Tmut       8%         N/A       63%         4


Dungeon Overview and Level Annotations

Branches:
Dungeon (8/15)              Sewer (visited)
 Temple: D:4-7         Lair: D:8-11

Altars:
Qazlal


Innate Abilities, Weirdness & Mutations

One of your tentacles has grown a beastly spike.
You cannot wear most types of armour.
You are amphibious.
You can wear up to eight rings at the same time.
Your skin changes colour to match your surroundings (Stealth+).
Your rubbery body absorbs attacks. (AC +1, EV +1)
((You are camouflaged when in or above water. (Stealth+)))
You have tentacles for arms and can constrict up to eight enemies at once.
You have a pair of small antennae on your head.
Your body sometimes deteriorates upon taking damage.
You are robust. (+10% HP)


Message History

Your blood is infused with primal strength.
The orc priest shouts!
The orc shouts!
The orc wizard shouts!
The orc wizard gestures wildly while chanting.
The orc wizard flickers and vanishes!
Deactivating autopickup; reactivate with Ctrl-A.
Your transformation is almost over.
The orc hits you with a +1 whip of venom.
You are poisoned.
You hit the orc but do no damage. Your grab misses the orc.
You feel very sick.
You hit something but do no damage. Your squeeze misses something.
You feel sick.
You miss something.
Your tentacle spike misses something.
You feel sick. Something hits you.
The orc hits you with a +1 whip of venom.
You are more poisoned.
You hit something but do no damage.
Your tentacle spike misses something.
Your squeeze misses something.
You feel very sick.
You hear some strange, mumbled words.
You are confused.
The orc closely misses you.
You closely miss something.
Your tentacle-slap misses something.
You feel very sick. Something hits you.
* * * LOW HITPOINT WARNING * * *
The orc hits you with a +1 whip of venom.
* * * LOW HITPOINT WARNING * * *
You are more poisoned.
You are too confused!
It was a potion of mutation.
You feel extremely strange.
You feel robust.
You feel yourself wasting away. A pair of antennae grows on your head!
* * * LOW HITPOINT WARNING * * *
You feel very sick.
You hear some strange, mumbled words.
A magic dart appears from out of thin air!
The magic dart hits you!
You die...

#....# #.##.#
#.##.#
#..#.#####
##.#.#...#
#.#.#...#####
#.#>.........
#.#.#{o...#
#.#.#@....+
#.........#
###..#.####
#...#.#
#......
.......##
#####.### #.#
...


You could see an orc.

Vanquished Creatures
  2 ogres (D:4)
  A phantom (D:4)
  A hound (D:4)
  A bullfrog skeleton (D:2)
  Natasha (twice) (D:4)
  6 adders
  A river rat (D:4)
  2 adder skeletons (D:4)
  2 worms
  2 dart slugs
  8 ball pythons
  4 bats
  5 endoplasms
  5 giant cockroaches
  3 goblins
  9 hobgoblins
  3 jackals (D:3)
  2 quokkas
  4 frilled lizards
  7 kobolds
  6 rats
76 creatures vanquished.

Notes
Turn   | Place    | Note
-------+----------+-------------------------------------------
     0 | D:1      | croobank the Octopode Transmuter began the quest for the
                  | Orb.
     0 | D:1      | Reached XP level 1. HP: 13/13 MP: 3/3
   172 | D:1      | Reached XP level 2. HP: 18/18 MP: 3/5
   296 | D:1      | Reached skill level 1 in Stealth
   318 | D:1      | Learned a level 2 spell: Wereblood
   484 | D:1      | Reached XP level 3. HP: 21/23 MP: 4/6
   558 | D:1      | Learned a level 3 spell: Spider Form
   644 | D:1      | Found a faded altar of an unknown god.
  1263 | D:2      | Found a stormy altar of Qazlal.
  1891 | D:2      | Reached skill level 1 in Short Blades
  1891 | D:2      | Reached skill level 2 in Stealth
  1891 | D:2      | Reached skill level 1 in Poison Magic
  1891 | D:2      | Reached XP level 4. HP: 20/29 MP: 7/7
  2918 | D:4      | Noticed an ogre
  2928 | D:4      | Killed an ogre
  2929 | D:4      | Reached skill level 3 in Stealth
  2929 | D:4      | Reached XP level 5. HP: 29/34 MP: 4/9
  3083 | D:4      | Reached XP level 6. HP: 31/41 MP: 8/10
  3433 | D:4      | Noticed Natasha
  3519 | D:4      | Found a glowing drain.
  3523 | Sewer    | Entered a sewer
  4012 | Sewer    | Noticed Pargi
  4557 | D:4      | Killed Natasha
  4558 | D:4      | Identified the +1 leather armour of the Land of Plenty
                  | {Int+6}
  4600 | D:4      | Noticed Natasha
  4609 | D:4      | Killed Natasha
  4766 | D:4      | Reached skill level 4 in Stealth
  4766 | D:4      | Reached XP level 7. HP: 31/46 MP: 8/12
  5085 | D:5      | Entered Level 5 of the Dungeon
  5085 | D:5      | You fall into a shaft and drop 3 floors!
  5085 | D:8      | Noticed a wyvern
  5158 | D:6      | Gained mutation: You are robust. (+10% HP) [potion of
                  | mutation]
  5158 | D:6      | Gained mutation: Your body sometimes deteriorates upon
                  | taking damage. [potion of mutation]
  5158 | D:6      | Gained mutation: You have a pair of small antennae on your
                  | head. [potion of mutation]
  5158 | D:6      | Killed from afar by an orc wizard

Illustrated notes

Levels and vault maps discovered:
D:1:      dpeg_arrival_arbitrary_c, layout_basic, basic_ecumenical_altar
D:2:      layout_loops_corners, basic_altar, chequers_jeans, minmay_pentomino_r4
D:3:      layout_basic
D:4:      layout_basic, gup_sewer_entry_spiral, grunt_ministairs_3, uniq_natasha
D:5:      layout_rooms, minmay_temple_entry_drinking_statues,
          gammafunk_ghost_arena, kb_lookout_dungeons_type
D:6:      layout_basic, grunt_temple_overflow_opulence, lightli_minifort,
          uniq_pikel
D:7:      layout_basic, elyvilon_altar_3, chequers_temple_overflow_minitemple,
          serial_curves, eino_curves_03, eino_curves_01, serial_shops, shop,
          uniq_prince_ribbit1
D:8:      layout_loops_cross, trog_butcher_becter

Skill      XL: |  1  2  3  4  5  6  7 |
---------------+----------------------+-----
Stealth        | 1 2 3 4 |  4.0
Short Blades   | 1 2 |  2.4
Poison Magic   | 1 2 3 |  3.0
Fighting       | 2 3 |  3.0
Transmutations | 3 |  3.5
Spellcasting   | 3 |  3.3
Dodging        | |  2.0
Unarmed Combat | |  3.0

Action                   |  1- 3 |  4- 6 |  7- 9 || total
-------------------------+-------+-------+-------++-------
Melee: Whip              |     6 |       |       ||     6
       Unarmed           |     4 |    20 |     1 ||    25
       Tentacles         |    12 |    18 |       ||    30
       Constrict         |    18 |    18 |       ||    36
       Punch             |     2 |     3 |       ||     5
       Dagger            |    57 |   112 |     6 ||   175
       Kick              |    16 |    24 |       ||    40
 Cast: Beastly Appendage |    22 |    27 |     2 ||    51
       Wereblood         |     1 |     4 |     2 ||     7
       Spider Form       |       |     2 |     1 ||     3
  Use: Scroll            |     4 |     4 |     1 ||     9
       Potion            |       |     4 |     1 ||     5
 Stab: Sleeping          |     9 |    10 |     2 ||    21
       Distracted        |       |     1 |       ||     1
Armor: Skin              |     5 |     6 |       ||    11
Dodge: Dodged            |    36 |    93 |     1 ||   130
